Get step-by-step instructions on how to execute this build order below. Start the game timer, and the build order will tick by so you can play in parallel with StarCraft on a second screen or mobile device.

Game Time

  0:00

Last Step

  N/A

Next Step

  12  0:01  Drone  

Upcoming Step

  13  0:10  Drone  

Don't want to look back and forth between 2 screens? Try out our Overwolf App, the Spawning Tool Build Advisor to get an in-game overlay with this build!

Complete Build Order

  12  0:01  Drone  
  13  0:10  Drone  
  14  0:18  Overlord  
  14  0:37  Drone x2  
  16  0:55  Drone  
  17  0:58  Hatchery  
  16  1:21  Extractor  
  15  1:25  Spawning Pool  
  15  1:27  Drone x2  
  15  1:29  Overlord  
  16  1:38  Drone  
  17  1:52  Drone  
  18  1:58  Extractor  
  17  2:06  Drone  
  18  2:10  Drone  
  19  2:17  Drone  
  20  2:28  Drone x2, Queen  
  24  2:31  Queen  
  24  2:33  Drone  
  24  2:36  Spore Crawler  
  26  2:42  Spore Crawler  
  25  2:46  Drone x2  
  26  3:00  Drone  
  27  3:06  Lair  
  27  3:15  Drone x4  
  31  3:25  Metabolic Boost  
  31  3:29  Drone  
  31  3:32  Drone  
  33  3:34  Overlord  
  33  3:42  Drone, Evolution Chamber  
  33  3:43  Zergling x2  
  34  3:50  Drone  
  34  3:51  Drone  
  34  3:55  Overlord  
  36  4:03  Zergling x4  
  36  4:09  Hydralisk Den  
  37  4:10  Drone  
  38  4:19  Drone x3  
  38  4:21  Extractor  
  38  4:23  Extractor  
  39  4:30  Zerg Missile Weapons Level 1  
  39  4:32  Drone  
  39  4:37  Queen  
  42  4:40  Hydralisk x2  
  43  4:55  Zergling x4, Hydralisk x2  
  47  5:03  Hydralisk x2, Grooved Spines  
  47  5:05  Zergling x2  
  51  5:27  Overlord x2  
  51  5:28  Overlord  
  51  5:46  Hydralisk  
  51  5:47  Hydralisk x4  
  61  5:58  Hydralisk x3  
  67  6:05  Zergling x2  
  67  6:06  Overlord  
  68  6:20  Overseer x2  
  68  6:24  Overlord  
  68  6:26  Zergling x6  
  68  6:27  Zergling x2  
  72  6:40  Hydralisk x2  
  76  6:47  Zerg Melee Weapons Level 1  
  76  6:52  Zergling x4  
  78  7:06  Hatchery  
  78  7:07  Hydralisk x2  
  81  7:09  Zergling x6  
  81  7:12  Overlord x2  
  84  7:28  Overlord x2  
  84  7:29  Queen  
  86  7:41  Lurker Den  
  85  7:48  Zergling x4  
  85  7:49  Zergling x6, Hydralisk  
  92  7:56  Overlord  
  92  7:57  Hydralisk  
  75  8:24  Zergling x2  
  75  8:25  Zergling x10  
  81  8:30  Zergling x4, Hydralisk  
  81  8:31  Zergling x2  
  80  8:49  Hydralisk x4  
  80  8:50  Zergling x2  
  84  9:08  Zergling x8  
  84  9:09  Zergling x4